 Dungeon Crawl Stone Soup version 0.31.0-11-ge490571c62 (webtiles) character file.

Game seed: 14066516478356520437

516597 EonDragon20 the Worldbinder (level 25, -3/212 HPs)
             Began as a Merfolk Ice Elementalist on Feb 2, 2024.
             Was the Champion of Fedhas.
             Collided with a golden dragon (4 damage)
             ... after being knocked back by a wretched star
             ... on level 5 of the Abyss on Feb 3, 2024.
             The game lasted 06:57:34 (74454 turns).

EonDragon20 the Worldbinder (MfIE)                 Turns: 74454, Time: 06:57:34

Health: -3/212     AC: 14    Str: 10 (12) XL:     25   Next: 19%
Magic:  3/45       EV: 17    Int: 24 (28) God:    Fedhas [******]
Gold:   2401       SH:  0    Dex:  7 (10) Spells: 2/60 levels left

rFire   + + +        g - +4 short sword of Valiance {freeze, rElec rF+ rCorr}
rCold   + + +        l - orb {light}
rNeg    . . .        i - +1 robe "Keahenab" {Fly rC+++ Str-2 Dex-5}
rPois   +            U - +2 helmet
rElec   +            S - +2 cloak of the Trombone {rF++ Regen+ Int+2}
rCorr   +            T - +0 pair of gloves "Luq Hoxka" {Will++}
SInv    .            c - +2 pair of boots
Will    +++..        j - amulet of magic regeneration
Stlth   +            R - ring of the Ten Keeping Coins {+Blink rElec rCorr Str+6}
HPRegen 0.00/turn    y - ring of poison resistance
MPRegen 0.69/turn

%: no passive effects
@: calling dragons, sick, flying, glowing, studying 2 skills, inugami summoned
A: (nimble swimmer 2), mertail, screaming 2, inability to read after injury 1
}: 3/15 runes: serpentine, barnacled, silver
a: Renounce Religion, Evoke Blink, Wall of Briars, Grow Ballistomycete,
Overgrow, Grow Oklob


You were on level 5 of the Abyss.
You worshipped Fedhas.
Fedhas was exalted by your worship.
You visited 10 branches of the dungeon, and saw 44 of its levels.
You visited the Abyss 1 time.
You also visited: Trove.

You collected 4424 gold pieces.
You spent 2023 gold pieces at shops.

Inventory:

Hand Weapons
 g - the +4 short sword of Valiance (weapon) {freeze, rElec rF+ rCorr}
   (You found it on level 1 of the Depths)

   rF+:       It protects you from fire.
   rElec:     It insulates you from electricity.
   rCorr:     It protects you from acid and corrosion.
Missiles
 D - 3 throwing nets
Armour
 c - a +2 pair of boots (worn)
 i - the +1 robe "Keahenab" (worn) {Fly rC+++ Str-2 Dex-5}
   (You found it on level 2 of the Dungeon)

   Str-2:     It affects your strength (-2).
   Dex-5:     It affects your dexterity (-5).
   rC+++:     It renders you almost immune to cold.
   Fly:       It grants you flight.
 l - an orb of light (worn)
 S - the +2 cloak of the Trombone (worn) {rF++ Regen+ Int+2}
   (You found it on level 1 of the Depths)

   Int+2:     It affects your intelligence (+2).
   rF++:      It greatly protects you from fire.
   Regen+:    It increases your rate of health regeneration.
 T - the +0 pair of gloves "Luq Hoxka" (worn) {Will++}
   (You found it on level 4 of the Shoals)

   Will++:    It greatly increases your willpower.
 U - a +2 helmet (worn)
Jewellery
 a - the amulet of the Crown {Reflect *Corrode rElec rPois Will+ SH+5}
   (You took it off a fire giant on level 3 of the Depths)

   [amulet of reflection]

   Reflect:   It reflects blocked missile attacks.
   rElec:     It insulates you from electricity.
   rPois:     It protects you from poison Will+: It increases your willpower.
   *Corrode:  It may corrode you when you take damage.
   SH+5:      It affects your SH (+5).
 j - an amulet of magic regeneration (around neck)
 p - a ring of positive energy
 x - a ring of protection from fire
 y - a ring of poison resistance (right hand)
 J - a ring of willpower
 M - a ring of positive energy
 R - the ring of the Ten Keeping Coins (left hand) {+Blink rElec rCorr Str+6}
   (You bought it in a shop on level 13 of the Dungeon)

   [ring of strength]

   Str+6:     It affects your strength (+6).
   rElec:     It insulates you from electricity.
   +Blink:    It lets you blink.
   rCorr:     It protects you from acid and corrosion.
Wands
 t - a wand of roots (61)
 u - a wand of mindburst (48)
 A - a wand of polymorph (13)
 B - a wand of charming (30)
 G - a wand of light (33)
 L - a wand of flame (84)
 N - a wand of digging (15)
Scrolls
 h - a scroll of immolation
 n - 3 scrolls of silence
 o - 6 scrolls of blinking
 q - 2 scrolls of amnesia
 r - a scroll of butterflies
 s - a scroll of vulnerability
 w - 3 scrolls of revelation
 C - 10 scrolls of teleportation
 K - 3 scrolls of enchant weapon
 O - a scroll of fear
 P - 4 scrolls of enchant armour
 Q - 3 scrolls of fog
Potions
 b - a potion of magic
 e - 4 potions of curing
 k - 2 potions of cancellation
 m - 7 potions of enlightenment
 v - a potion of haste
 z - a potion of invisibility
 E - 2 potions of berserk rage
 H - a potion of resistance
 V - 6 potions of lignification
 W - 5 potions of mutation
 Y - 4 potions of brilliance


   Skills:
 * Level 20.7 Fighting
 * Level 6.2 Armour
 * Level 22.0 Dodging
 - Level 7.0 Stealth
 + Level 18.2 Spellcasting
 * Level 25.9 Summonings
 - Level 6.2 Translocations
 - Level 7.6 Ice Magic
 - Level 13.1 Invocations
 * Level 8.0 Evocations


You had 2 spell levels left.
You knew the following spells:

 Your Spells              Type           Power      Damage    Failure   Level
a - Freeze                Ice            100%       1d10      1%          1
b - Frozen Ramparts       Ice            100%       1d16      1%          3
c - Ozocubu's Armour      Ice            56%        N/A       1%          3
d - Summon Ice Beast      Ice/Summ       80%        N/A       0%          3
e - Call Canine Familiar  Summ           98%        N/A       0%          3
f - Summon Small Mammal   Summ           100%       N/A       0%          1
g - Summon Forest         Summ/Tloc      39%        N/A       1%          5
h - Summon Cactus Giant   Summ           49%        N/A       0%          6
i - Monstrous Menagerie   Summ           49%        N/A       1%          7
j - Dragon's Call         Summ           49%        N/A       5%          9
k - Blink                 Tloc           100%       N/A       1%          2
l - Stone Arrow           Conj/Erth      42%        3d9       7%          3
m - Summon Lightning Spi  Summ/Air       71%        N/A       1%          4
n - Summon Horrible Thin  Summ           49%        N/A       1%          8

Your spell library contained the following spells:

 Spells                   Type           Power      Damage    Failure   Level
 Lesser Beckoning         Tloc           100%       N/A       1%          2
 Momentum Strike          Conj/Tloc      72%        3d10      1%          2
 Kiss of Death            Conj/Necr      84%        2d11      2%          1
 Necrotise                Necr           84%        1d8       2%          1
 Sandblast                Erth           42%        2d11      2%          1
 Scorch                   Fire           42%        2d6       3%          2
 Static Discharge         Conj/Air       42%        3-5/arc   3%          2
 Sublimation of Blood     Necr           21%        N/A       3%          2
 Gell's Gravitas          Tloc           51%        N/A       1%          3
 Teleport Other           Tloc           51%        N/A       1%          3
 Animate Armour           Summ/Erth      100%       N/A       1%          4
 Manifold Assault         Tloc           51%        N/A       1%          4
 Martyr's Knell           Necr/Summ      71%        N/A       1%          4
 Passage of Golubria      Tloc           51%        N/A       1%          4
 Summon Blazeheart Golem  Fire/Summ      71%        N/A       1%          4
 Summon Mana Viper        Hex/Summ       71%        N/A       1%          5
 Summon Hydra             Summ           49%        N/A       1%          7
 Malign Gateway           Summ/Tloc      39%        N/A       2%          7
 Dimensional Bullseye     Hex/Tloc       18%        N/A       6%          4
 Iskenderun's Mystic Bla  Conj/Tloc      36%        2d9       6%          4
 Vhi's Electric Charge    Tloc/Air       72%        N/A       6%          4
 Dazzling Flash           Conj/Hex       42%        N/A       7%          3
 Fugue of the Fallen      Necr           21%        N/A       7%          3
 Mephitic Cloud           Conj/Alch/Air  21%        N/A       7%          3
 Passwall                 Erth           21%        N/A       7%          3
 Sigil of Binding         Hex            21%        N/A       7%          3
 Tukima's Dance           Hex            21%        N/A       7%          3
 Vampiric Draining        Necr           21%        2d7       7%          3
 Spellforged Servitor     Conj/Summ      35%        N/A       10%         7
 Metabolic Englaciation   Hex/Ice        20%        N/A       13%         5
 Airstrike                Air            10%        2d(2-18)  22%         4
 Anguish                  Hex/Necr       10%        N/A       22%         4
 Animate Dead             Necr           21%        N/A       22%         4
 Brom's Barrelling Bould  Conj/Erth      21%        2d4       22%         4
 Cause Fear               Hex            10%        N/A       22%         4
 Dispel Undead            Necr           21%        3d11      22%         4
 Flame Wave               Conj/Fire      21%        2d8       22%         4
 Petrify                  Alch/Erth      21%        N/A       22%         4
 Sticky Flame             Fire/Alch      21%        2d6       22%         4
 Dispersal                Tloc           25%        N/A       26%         6
 Arcjolt                  Conj/Air       10%        1d20      54%         5
 Borgnjor's Vile Clutch   Necr/Erth      10%        N/A       54%         5
 Curse of Agony           Necr           21%        N/A       54%         5
 Irradiate                Conj/Alch      10%        3d15      54%         5
 Iskenderun's Battlesphe  Conj           21%        2d7       54%         5
 Yara's Violent Unravell  Hex/Alch       10%        3d6       54%         5
 Sculpt Simulacrum        Ice/Alch       20%        N/A       58%         6
 Bombard                  Conj/Erth      10%        9d3       98%         6
 Death Channel            Necr           10%        N/A       98%         6
 Eringya's Noxious Bog    Alch           10%        4d6       98%         6
 Plasma Beam              Fire/Air       10%        2x1d21    98%         6
 Starburst                Conj/Fire      10%        6d5       98%         6
 Enfeeble                 Hex            10%        N/A       100%        7
 Disjunction              Tloc           25%        N/A       100%        8
 Lehudib's Crystal Spear  Conj/Erth      10%        10d4      100%        8
 Chain Lightning          Conj/Air       10%        3d14      100%        9
 Fire Storm               Conj/Fire      10%        8d3       100%        9
 Shatter                  Erth           10%        3d12*     100%        9


Dungeon Overview and Level Annotations

Branches:
Dungeon (15/15)            Temple (1/1) D:7            Lair (5/5) D:10
 Shoals (4/4) Lair:3        Snake (4/4) Lair:3        Slime (1/5) Lair:5
    Orc (2/2) D:10            Elf (0/3) Orc:2        Vaults (5/5) D:14
  Crypt (0/3) Vaults:3     Depths (4/4) D:15            Zot (3/5) Depths:4

Altars:
Ashenzari
Cheibriados
Dithmenos
Elyvilon
Fedhas
Gozag
Hepliaklqana
Kikubaaqudgha
Makhleb
Nemelex Xobeh
Okawaru
Qazlal
Ru
Sif Muna
Trog
Uskayaw
Vehumet
Wu Jian
Xom
Yredelemnul
Zin
The Shining One
Lugonu

Shops:
D:1 ?   D:7 [   D:12 :   D:13 =   Orc:2 ***(=   Shoals:4 (   Snake:3 =::
Vaults:3 [   Vaults:4 ((   Depths:2 ?=:

Portals:
Hell: Depths:1 Depths:2 Depths:3 Depths:4
Abyss: Depths:3
Pandemonium: Depths:2 Depths:3
Ziggurat: Depths:2

Annotations:
D:7 1 runed translucent door, Crazy Yiuf
D:10 2 transporters, solopath's ghost, novice DsSh
Lair:2 2 transporters
Lair:4 1 runed translucent door, Biggs's ghost, journeyman VSSh
Shoals:1 3 runed translucent doors, exclusion: obsidian statue, unrecovered's ghost, journeyman TrFi
Snake:2 3 runed translucent doors, Gypaemig's ghost, journeyman VSCj; Hirghin's ghost, adept DrBe; Liforeniyw's ghost, adept MiBe; Tuffe's ghost, adept FoFi; Wineib's ghost, adept GnHW


Innate Abilities, Weirdness & Mutations

((You are very nimble when in or above water. (Stealth+, EV+, Speed+++)))
Your lower body shifts to a powerful aquatic tail in water.
You frequently scream uncontrollably at your foes.
You occasionally lose the ability to read scrolls when taking damage.


Message History

The angel hits your iron dragon with a +3 whip of holy wrath.
The angel hits your iron dragon but does no damage.
The +0 long sword of holy wrath hits you!
* * * LOW HITPOINT WARNING * * *
Your iron dragon bites the angel.
Your iron dragon barely misses the angel.
Your iron dragon tramples the angel!
The angel holds its ground!
Your large abomination hits the +0 long sword of holy wrath!
The +0 long sword of holy wrath falls from the air.
Fedhas accepts your kill.
The angel hits your iron dragon but does no damage. x2
Casting: Call Canine Familiar (safe; 0% risk of failure)
Confirm with . or Enter, or press ? or * to list all spells.
You imbue your familiar with magical energy and its fangs glint viciously.
A dragon arrives to answer your call!
The angel hits your iron dragon with a +3 whip of holy wrath!!
The angel hits your iron dragon but does no damage.
Your shadow dragon bites the angel!
Your shadow dragon claws the angel but does no damage.
Your shadow dragon closely misses the angel.
Your iron dragon breathes metal splinters at the angel.
The spray of metal splinters hits the angel!!!
The angel dies!
Fedhas accepts your kill.
You feel the corruption within you wane completely.
You feel robust.
Casting: Call Canine Familiar (safe; 0% risk of failure)
Confirm with . or Enter, or press ? or * to list all spells.
Okay, then.
You feel better.
A wretched star comes into view.
You scream at the wretched star!
The wretched star glows turbulently.
The lance of force hits you!
* * * LOW HITPOINT WARNING * * *
You are knocked back by the lance of force.
You collide with your golden dragon!
Your golden dragon is lightly wounded.
You die...
Fedhas appreciates your contribution to the ecosystem.

#. ... ##
.... ##
....#
###.#
...##...
.....#####
#*X.'...+
#@hDD⌠.+
#DD#)..# .
# #X⌠## ##
# #D⌠8# .
. ##.⌠## .
.# .##.##
.. ..
#.#..# ...
. # #
.#...##
... .. # #
...⌠ #


You could see a wretched star (ally target), 2 friendly shadow dragons, a
friendly tentacled monstrosity (summoned), 2 friendly iron dragons, a friendly
golden dragon (summoned), a friendly large abomination (summoned) and a friendly
inugami (summoned).

Vanquished Creatures
  A spark wasp (Depths:2)
  A jiangshi (Vaults:3)
  A fire dragon (D:12)
  2 shock serpents
  2 salamander mystics
  An arcanist (Vaults:2)
  A mana viper (Snake:4)
  2 deep trolls
  An ironbound convoker (Vaults:2)
  A deep elf pyromancer (D:14)
  A faun (shapeshifter) (Depths:2)
  3 ugly things
  A manticore (D:12)
  2 moths of wrath
  A faun (Shoals:1)
  A salamander (Snake:3)
  8 black mambas
  A merfolk siren (Shoals:1)
  A cane toad (Lair:4)
  2 kobold demonologists
  A yaktaur (Vaults:2)
  5 trolls
  2 blink frogs (Lair:1)
  5 slime creatures
  13 yaks
  A wyvern (D:9)
  2 fire bats (Abyss:4)
  Menkaure (D:5)
  7 vampire mosquitoes
  4 water moccasins
  4 black bears
  A laughing skull (D:14)
  7 wolves
  3 centaurs
  A phantom (D:6)
  A gnoll sergeant (D:12)
  A scorpion (D:5)
  Dowan (D:7)
  7 killer bees
  A crimson imp (D:9)
  2 jellies (D:7)
  2 orc priests
  2 bombardier beetles
  2 hounds
  A sleepcap (D:7)
  6 orc wizards
  Natasha (thrice) (D:2)
  4 iguanas
  A gnoll (D:12)
  8 adders
  2 ufetubi (D:5)
  4 ribbon worms
  2 dart slugs (D:1)
  29 orcs
  5 ball pythons
  3 bats
  5 endoplasms
  3 giant cockroaches
  8 goblins
  3 hobgoblins
  3 jackals (D:5)
  A quokka (D:4)
  3 frilled lizards
  11 kobolds
  8 rats
223 creatures vanquished.

Vanquished Creatures (collateral kills)
  Frederick (Depths:3)
  Mara (Snake:3)
  Xtahua (Vaults:3)
  A Killer Klown (Zot:2)
  5 golden dragons
  Norris (Depths:2)
  Nikola (Shoals:4)
  A pearl dragon (Abyss:4)
  2 doom hounds (Zot:2)
  3 electric golems
  Rupert (D:15)
  Asterion (Snake:3)
  5 liches
  8 tentacled monstrosities
  A walking crystal tome (Depths:3)
  A walking earthen tome (Depths:1)
  5 titans (Vaults:5)
  Grunn (Zot:2)
  2 walking frostbound tomes
  4 quicksilver dragons
  7 sphinxes
  3 death cobs
  A tentacled starspawn (Abyss:4)
  7 tengu reavers
  6 shadow dragons
  Donald (Shoals:1)
  8 storm dragons
  4 nagarajas (Snake:4)
  2 draconian monks (Zot:3)
  Ilsuiw (Shoals:2)
  5 draconian knights
  A rockslime (Slime:1)
  A protean progenitor (Zot:1)
  3 ghost moths
  11 frost giants
  A deep elf sorcerer (Abyss:4)
  3 draconian shifters
  12 fire giants
  5 iron dragons
  A balrug (Depths:3)
  12 vault wardens
  3 draconian scorchers
  6 draconian stormcallers
  A cacodemon (Abyss:5)
  4 draconian annihilators
  2 spriggan defenders
  15 ironbound preservers
  18 stone giants
  An angel (Abyss:5)
  An orc warlord (Vaults:2)
  36 very ugly things
  2 ironbound thunderhulks
  A quicksilver ooze (Slime:1)
  A vampire knight (Depths:3)
  A deep elf demonologist (Vaults:2)
  2 deep elf annihilators (Vaults:5)
  5 formless jellyfish
  A lorocyproca (Depths:2)
  3 deep elf death magi
  7 green draconians
  11 black draconians
  3 purple draconians
  Azrael (D:15)
  3 red draconians
  5 war gargoyles
  7 spark wasps
  4 white draconians
  5 yellow draconians
  13 dire elephants
  2 jiangshi (Depths:1)
  10 ettins
  4 fire dragons
  2 merfolk javelineers
  Josephine (Lair:3)
  13 yaktaur captains
  6 entropy weavers
  2 deep elf high priests (Vaults:5)
  12 merfolk impalers
  5 great orbs of eyes
  3 rakshasas
  A hell beast (Depths:3)
  9 spriggan air magi
  36 vault guards
  6 hydras
  2 ogre magi
  6 ice dragons
  A peacekeeper (Vaults:3)
  3 catoblepae (Lair:5)
  11 centaur warriors
  6 two-headed ogres
  A sphinx zombie (Vaults:5)
  4 merfolk aquamancers (Shoals:4)
  5 ironbound frosthearts
  5 boulder beetles
  An alligator snapping turtle (Abyss:4)
  3 dancing weapons
  A merfolk avatar (Shoals:1)
  2 satyrs
  9 anacondas
  8 deep troll earth magi
  4 deep troll shamans
  13 naga warriors
  3 tengu warriors
  2 occultists (Depths:1)
  10 death yaks
  8 naga sharpshooters
  A vampire mage (Depths:1)
  3 orc high priests (Orc:2)
  8 shock serpents
  A sun demon (Depths:3)
  3 spriggan berserkers
  Urug (Lair:5)
  3 hell knights
  A titan skeleton (Vaults:5)
  3 wretched stars (Abyss:4)
  2 cyclopes (shapeshifter) (Vaults:5)
  5 skysharks
  6 iron trolls
  A skeletal warrior (Vaults:3)
  2 sixfirhies
  2 shadow wraiths
  A swamp dragon (Zot:1)
  2 salamander mystics (Snake:2)
  18 sea snakes
  61 deep trolls
  6 arcanists
  A glowing orange brain (Vaults:3)
  A spark wasp zombie (Depths:2)
  A kraken simulacrum (Shoals:4)
  7 mana vipers
  6 flayed ghosts
  A lindwurm (shapeshifter) (Vaults:5)
  4 phantasmal warriors
  13 ironbound convokers
  10 orc knights
  3 naga ritualists
  5 lightning spires (Zot:1)
  15 lindwurms
  2 deep elf zephyrmancers (D:14)
  9 deep elf pyromancers
  A frost giant zombie (Vaults:5)
  A wolf spider (D:15)
  2 orc sorcerers (Orc:2)
  11 cyclopes
  An iron dragon zombie (Vaults:3)
  5 necromancers
  2 shadow dragon skeletons
  A shining eye (shapeshifter) (Vaults:5)
  A stone giant zombie (Vaults:5)
  A fire giant zombie (Vaults:3)
  37 ugly things
  A shining eye (Lair:5)
  23 harpies
  9 fauns
  13 manticores
  5 kobold blastminers
  Maurice (Orc:1)
  7 merfolk sirens
  2 stone giant skeletons
  12 salamanders
  7 guardian serpents
  A steelbarb worm (shapeshifter) (Depths:1)
  6 elephants (Lair:3)
  14 moths of wrath
  A black mamba (shapeshifter) (Depths:2)
  26 black mambas
  A human skeleton (Vaults:5)
  8 water nymphs
  A gargoyle (D:13)
  15 naga magi
  15 vault sentinels
  9 cane toads
  An unseen horror (D:13)
  A torpor snail (Abyss:4)
  23 yaktaurs
  2 efreet
  2 freezing wraiths
  2 rime drakes (Lair:2)
  9 komodo dragons
  A tormentor (Depths:2)
  4 ancient zymes
  2 spectral nagas (Snake:2)
  24 merfolk
  6 trolls
  3 polar bears
  7 wind drakes
  2 hornets (Depths:2)
  5 raiju
  7 snapping turtles
  2 tarantellas (Vaults:4)
  30 blink frogs
  A frost giant simulacrum (Depths:2)
  A stone giant simulacrum (Depths:2)
  A culicivora (Vaults:2)
  68 slime creatures
  A jumping spider (Vaults:2)
  An ettin skeleton (Vaults:5)
  4 spriggans
  2 vampires
  4 wyverns
  2 fire bats (Abyss:4)
  12 water elementals
  7 wraiths
  5 basilisks
  56 yaks
  5 fire elementals (D:15)
  A warg (Orc:2)
  4 starcursed masses
  2 golden eyes (Slime:1)
  2 neqoxecs (Abyss:4)
  5 redbacks
  2 steam dragons
  A chaos spawn (Abyss:5)
  10 vampire mosquitoes
  31 nagas
  A human zombie (Vaults:3)
  An acid dragon (D:10)
  7 water moccasins
  Duvessa (D:7)
  2 sky beasts
  3 hell hounds (D:15)
  2 black bears
  20 orc warriors
  2 ice beasts (D:8)
  8 laughing skulls
  7 ogres
  6 boggarts
  A deep troll simulacrum (Vaults:3)
  A tengu (shapeshifter) (Depths:1)
  13 wolves
  6 centaurs
  2 kobold brigands
  5 bullfrogs
  2 gnoll sergeants
  A scorpion (D:5)
  3 small abominations (Abyss:4)
  10 wights
  5 killer bees (D:10)
  13 nameless horrors
  2 electric eels
  2 gnoll boudas
  5 hounds (D:10)
  9 orc priests
  13 orc wizards
  15 gnolls
  A shadow imp (D:7)
  A white imp (D:6)
  40 orcs
  A jackal (D:5)
  4 kobolds (D:8)
  2 aspiring fleshes (Zot:1)
  A lurking horror (Abyss:4)
1550 creatures vanquished.

Vanquished Creatures (others)
  2 draconian shifters (Zot:3)
  A fire giant (Depths:1)
  A draconian stormcaller (Zot:1)
  A harpy (Shoals:4)
  A slime creature (D:14)
  An electric eel (D:10)
  A howler monkey (shapeshifter) (Depths:4)
  An orc wizard (Orc:2)
  75 snaplasher vines
  5 starspawn tentacles (Abyss:4)
  25 tentacles (Shoals:4)
114 creatures vanquished.

Grand Total: 1887 creatures vanquished

Notes
Turn   | Place    | Note
-------+----------+-------------------------------------------
     0 | D:1      | EonDragon20 the Merfolk Ice Elementalist began the quest
                  | for the Orb.
     0 | D:1      | Reached XP level 1. HP: 13/13 MP: 3/3
   302 | D:1      | Reached XP level 2. HP: 19/19 MP: 1/5
   397 | D:1      | Reached skill level 5 in Ice Magic
   619 | D:1      | Found Venisoki's Magic Scroll Shop.
   820 | D:1      | Reached XP level 3. HP: 24/24 MP: 4/6
  1033 | D:1      | Learned a level 3 spell: Frozen Ramparts
  1069 | D:2      | Noticed Natasha
  1073 | D:2      | Killed Natasha
  1154 | D:2      | Reached XP level 4. HP: 30/30 MP: 1/7
  1215 | D:2      | Learned a level 3 spell: Ozocubu's Armour
  1397 | D:2      | Noticed Natasha
  1414 | D:2      | Killed Natasha
  1452 | D:2      | Noticed Natasha
  1460 | D:2      | Killed Natasha
  1589 | D:2      | Identified the +1 robe "Keahenab" {Fly rC+++ Str-2 Dex-5}
  1619 | D:2      | Reached XP level 5. HP: 34/35 MP: 0/8
  2787 | D:3      | Reached skill level 1 in Fighting
  3146 | D:1      | Bought a scroll of blinking for 97 gold pieces
  3353 | D:4      | Reached XP level 6. HP: 31/43 MP: 1/9
  4665 | D:5      | Entered Level 5 of the Dungeon
  4669 | D:5      | Noticed Menkaure
  4937 | D:5      | Killed Menkaure
  4938 | D:5      | Reached XP level 7. HP: 51/51 MP: 2/10
  4975 | D:5      | Identified the +0 dagger "Utenitet" {speed, ^Drain Int+5}
  5049 | D:5      | Learned a level 3 spell: Summon Ice Beast
  5062 | D:5      | Found the +5 robe of Misfortune {Harm *Corrode *Slow EV+5}
  5270 | D:5      | Reached skill level 1 in Summonings
  5271 | D:5      | Reached skill level 5 in Dodging
  5271 | D:5      | Reached XP level 8. HP: 60/60 MP: 6/12
  5383 | D:5      | Reached skill level 2 in Summonings
  6033 | D:6      | Reached skill level 3 in Summonings
  6566 | D:6      | Reached skill level 4 in Summonings
  6720 | D:6      | Reached skill level 5 in Summonings
  7099 | D:6      | Learned a level 3 spell: Call Canine Familiar
  7102 | D:6      | Learned a level 2 spell: Lesser Beckoning
  7152 | D:7      | Found a runed translucent door.
  7153 | D:7      | Noticed Crazy Yiuf
  7242 | D:7      | Reached XP level 9. HP: 65/65 MP: 11/16
  7284 | D:7      | Found Suleun's Antique Armour Shop.
  7304 | D:7      | Reached skill level 1 in Translocations
  7348 | D:7      | Noticed a kobold demonologist
  7352 | D:7      | Killed a kobold demonologist
  7353 | D:7      | Reached skill level 5 in Spellcasting
  7378 | D:7      | Reached skill level 6 in Summonings
  7784 | D:7      | Noticed Dowan
  7785 | D:7      | Noticed Duvessa
  7796 | D:7      | Killed Dowan
  7808 | D:7      | Killed Duvessa
  7939 | D:7      | Found a sparkling altar of Nemelex Xobeh.
  8246 | D:7      | Reached skill level 7 in Summonings
  8316 | D:7      | Found a staircase to the Ecumenical Temple.
  8394 | Temple   | Entered the Ecumenical Temple
  8452 | Temple   | Became a worshipper of Fedhas Madash
  9087 | D:8      | Reached XP level 10. HP: 71/71 MP: 14/18
  9156 | D:8      | Learned a level 5 spell: Summon Forest
  9721 | D:8      | Reached * piety under Fedhas
  9889 | D:1      | Bought 2 scrolls of amnesia for 104 gold pieces
  9892 | D:1      | Learned a level 1 spell: Summon Small Mammal
 10091 | D:9      | Reached skill level 8 in Summonings
 10105 | D:8      | Reached skill level 5 in Translocations
 10303 | D:9      | Reached skill level 9 in Summonings
 10358 | D:9      | Noticed a cyclops
 10363 | D:9      | Killed a cyclops
 10652 | D:9      | Reached XP level 11. HP: 49/78 MP: 8/21
 10829 | D:9      | Noticed an arcanist
 10841 | D:9      | Reached ** piety under Fedhas
 10961 | D:9      | Killed an arcanist
 10962 | D:9      | Reached skill level 5 in Fighting
 11196 | D:10     | Entered Level 10 of the Dungeon
 11355 | D:10     | Found a staircase to the Orcish Mines.
 11641 | D:10     | Reached skill level 10 in Summonings
 11902 | D:10     | Found a staircase to the Lair.
 11976 | D:10     | Reached *** piety under Fedhas
 12020 | D:10     | Noticed a two-headed ogre
 12022 | D:10     | Found a transporter.
 12023 | D:10     | Noticed solopath's ghost (novice DsSh)
 12023 | D:10     | Noticed a two-headed ogre
 12028 | D:10     | Found a transporter.
 12028 | D:10     | Identified the +2 dire flail "Arbiter" {heavy, rElec}
 12028 | D:10     | Noticed a two-headed ogre
 12377 | D:11     | Noticed a boulder beetle
 12430 | D:11     | Killed a boulder beetle
 12982 | D:12     | Noticed a purple ugly thing
 13107 | D:12     | Noticed a cyclops
 13114 | D:12     | Reached XP level 12. HP: 89/95 MP: 23/23
 13145 | D:12     | Reached **** piety under Fedhas
 13152 | D:12     | Reached skill level 10 in Fighting
 13175 | D:12     | Reached skill level 11 in Summonings
 13235 | D:12     | Found Wenuah's Book Emporium.
 13248 | D:12     | Learned a level 6 spell: Summon Cactus Giant
 13263 | D:12     | Noticed a two-headed ogre
 13271 | D:12     | Killed a two-headed ogre
 13498 | D:12     | Noticed a two-headed ogre
 13510 | D:12     | Killed a two-headed ogre
 13624 | D:12     | Reached skill level 10 in Dodging
 13964 | D:12     | Noticed a fire dragon
 14209 | D:12     | Killed a fire dragon
 14704 | D:13     | Reached XP level 13. HP: 100/109 MP: 23/25
 14798 | D:13     | Reached skill level 12 in Summonings
 14942 | D:13     | Reached ***** piety under Fedhas
 14983 | D:13     | Found Buaceant's Jewellery Shop.
 16015 | D:14     | Reached skill level 1 in Invocations
 16987 | Lair:1   | Entered Level 1 of the Lair of Beasts
 17311 | Lair:1   | You are sucked into a shaft and drop 1 floor!
 18551 | Lair:2   | Reached XP level 14. HP: 88/120 MP: 24/27
 18845 | Lair:2   | Found a transporter.
 18895 | Lair:2   | Reached skill level 13 in Summonings
 19140 | Lair:2   | Identified the +0 leather armour of Gecuh {+Blink Int-3
                  | Dex+3}
 19206 | Lair:2   | Reached skill level 5 in Invocations
 19458 | Lair:2   | Found a transporter.
 19805 | Lair:3   | Noticed Josephine
 19967 | Lair:3   | Killed Josephine
 20270 | Lair:3   | Learned a level 7 spell: Monstrous Menagerie
 20527 | Lair:3   | Reached ****** piety under Fedhas
 20757 | Lair:3   | Found a staircase to the Snake Pit.
 21171 | Lair:3   | Reached skill level 15 in Fighting
 21310 | Lair:3   | Found a staircase to the Shoals.
 22021 | Lair:4   | Found a runed translucent door.
 22024 | Lair:4   | Noticed Biggs's ghost (journeyman VSSh)
 22028 | Lair:4   | Identified the +2 spear of Omast {vamp, rPois Str+6 Dex-3}
 22739 | Lair:5   | Entered Level 5 of the Lair of Beasts
 22804 | Lair:5   | Reached XP level 15. HP: 29/129 MP: 10/28
 22807 | Lair:5   | Noticed Urug
 22810 | Lair:5   | Reached skill level 10 in Spellcasting
 23223 | Orc:1    | Entered Level 1 of the Orcish Mines
 23223 | Orc:1    | Noticed Maurice
 23239 | Orc:1    | Killed Maurice
 23619 | D:13     | Bought the ring of the Ten Keeping Coins {+Blink rElec
                  | rCorr Str+6} for 939 gold pieces
 23845 | Orc:2    | Entered Level 2 of the Orcish Mines
 23853 | Orc:2    | Reached skill level 14 in Summonings
 24002 | Orc:2    | Found Vemn's General Store.
 24016 | Orc:2    | Bought a +1 helmet for 161 gold pieces
 24393 | Orc:2    | Found a staircase to the Elven Halls.
 24507 | Orc:2    | Reached skill level 15 in Dodging
 24937 | Orc:2    | Found Wemodis's General Store.
 24937 | Orc:2    | Found Raurghiu's Jewellery Shop.
 24939 | Orc:2    | Found Edal's General Store.
 24939 | Orc:2    | Found Doileam's Weapon Shop.
 25308 | D:14     | Found a gate to the Vaults.
 25876 | D:15     | Entered Level 15 of the Dungeon
 26049 | D:15     | Noticed Rupert
 26059 | D:15     | Killed Rupert
 26366 | D:15     | Found a shimmering altar of Xom.
 26747 | D:15     | Found a staircase to the Depths.
 26850 | D:15     | Noticed Azrael
 26897 | D:15     | Killed Azrael
 26898 | D:15     | Reached XP level 16. HP: 102/138 MP: 10/30
 27607 | Snake:1  | Entered Level 1 of the Snake Pit
 28472 | Snake:1  | Reached skill level 15 in Summonings
 28853 | Snake:2  | Reached skill level 10 in Invocations
 30592 | Snake:2  | Found a runed translucent gate.
 30592 | Snake:2  | Found a runed translucent gate.
 30592 | Snake:2  | Found a runed translucent gate.
 30592 | Snake:2  | Noticed Gypaemig's ghost (journeyman VSCj)
 30593 | Snake:2  | Noticed Tuffe's ghost (adept FoFi)
 30594 | Snake:2  | Noticed Wineib's ghost (adept GnHW)
 30594 | Snake:2  | Noticed Liforeniyw's ghost (adept MiBe)
 30594 | Snake:2  | Noticed Hirghin's ghost (adept DrBe)
 31006 | Snake:3  | Found a shimmering altar of Xom.
 31167 | Snake:3  | Noticed Mara
 31191 | Snake:3  | Killed Mara
 31192 | Snake:3  | Reached XP level 17. HP: 102/147 MP: 11/32
 31324 | Snake:3  | Noticed Asterion
 31329 | Snake:3  | Noticed an Executioner
 31341 | Snake:3  | Killed Asterion
 31479 | Snake:3  | Found Fabah's Book Boutique.
 31480 | Snake:3  | Found Pabim's Jewellery Emporium.
 31482 | Snake:3  | Found Pon Esofan's Book Boutique.
 32211 | Snake:4  | Entered Level 4 of the Snake Pit
 33413 | Snake:4  | Reached skill level 16 in Summonings
 34438 | Snake:4  | Identified the +2 robe "Yqorchek" {Int+2}
 34665 | Snake:4  | Got a serpentine rune of Zot
 35149 | Snake:3  | Bought Laockiggua's Atlas of the Crypt and Bringing Forth
                  | for 722 gold pieces
 35259 | Shoals:1 | Entered Level 1 of the Shoals
 35936 | Shoals:1 | Found a runed translucent gate.
 35936 | Shoals:1 | Found a runed translucent gate.
 35936 | Shoals:1 | Found a runed translucent gate.
 35938 | Shoals:1 | Found an opulent altar of Gozag.
 36204 | Shoals:1 | Noticed Donald
 36227 | Shoals:1 | Killed Donald
 36852 | Shoals:1 | Reached XP level 18. HP: 144/157 MP: 12/33
 37082 | Shoals:1 | Noticed unrecovered's ghost (journeyman TrFi)
 37126 | Shoals:2 | Noticed Ilsuiw
 37675 | Shoals:2 | Killed Ilsuiw
 40484 | Shoals:4 | Entered Level 4 of the Shoals
 40634 | Shoals:4 | Found Ekaopt's Antique Weapon Shoppe.
 40779 | Shoals:4 | Learned a level 9 spell: Dragon's Call
 40805 | Shoals:4 | Reached skill level 17 in Summonings
 41490 | Shoals:4 | Identified the +0 pair of gloves "Luq Hoxka" {Will++}
 41777 | Shoals:4 | Identified the +6 ring mail of Gitaumni {Stlth+}
 42749 | Shoals:4 | Got a barnacled rune of Zot
 42943 | Shoals:4 | Noticed Nikola
 42954 | Shoals:4 | Killed Nikola
 43855 | Lair:5   | Killed Urug
 44036 | Lair:5   | Found a staircase to the Slime Pits.
 44460 | Lair:5   | Reached skill level 18 in Summonings
 44990 | Lair:5   | Reached XP level 19. HP: 164/164 MP: 20/35
 45382 | Lair:5   | Identified the +10 shortbow "Mesery" {drain, rElec}
 45599 | Vaults:1 | Entered Level 1 of the Vaults
 46516 | Vaults:1 | Reached skill level 19 in Summonings
 46588 | Vaults:1 | Identified the +10 long sword "Uneqoano" {spect, rN+}
 48194 | Vaults:2 | Paralysed by a formless jellyfish for 1 turns
 48196 | Vaults:2 | Paralysed by a formless jellyfish for 1 turns
 48686 | Vaults:2 | Reached skill level 20 in Summonings
 48828 | Vaults:2 | Identified the +10 plate armour "West" {Str+2}
 49428 | Vaults:2 | Reached XP level 20. HP: 172/172 MP: 16/38
 49469 | Vaults:2 | Learned a level 2 spell: Blink
 51176 | Vaults:3 | Noticed Xtahua
 51197 | Vaults:3 | Paralysed by Xtahua for 4 turns
 51199 | Vaults:3 | Killed Xtahua
 51470 | Vaults:3 | Reached skill level 21 in Summonings
 51540 | Vaults:3 | Found a portal to a secret trove of treasure.
 51954 | Vaults:3 | Reached skill level 15 in Spellcasting
 54039 | Vaults:3 | Learned a level 3 spell: Stone Arrow
 54229 | Vaults:3 | Found Qihyxu Esoipn's Armour Boutique.
 54393 | Vaults:3 | Found a staircase to the Crypt.
 54970 | Vaults:4 | Found Quppuug's Antique Weapon Emporium.
 55479 | Vaults:4 | Reached skill level 22 in Summonings
 55532 | Vaults:4 | Found Meashraom's Weapon Emporium.
 55556 | Vaults:4 | Paralysed by a formless jellyfish for 1 turns
 55562 | Vaults:4 | Reached XP level 21. HP: 97/178 MP: 15/40
 56519 | Vaults:4 | Learned a level 4 spell: Summon Lightning Spire
 56902 | Slime:1  | Entered Level 1 of the Pits of Slime
 57117 | Slime:1  | Gained mutation: You occasionally shout uncontrollably at
                  | your foes. [a shining eye]
 57188 | Lair:5   | Gained mutation: You occasionally lose the ability to read
                  | scrolls when taking damage. [a shining eye]
 57190 | Lair:5   | Gained mutation: You frequently scream uncontrollably at
                  | your foes. [a shining eye]
 57929 | Depths:1 | Entered Level 1 of the Depths
 59568 | Depths:1 | Identified the amulet "Boto Kiul" {Rampage Regen+ rCorr
                  | Dex-4}
 59679 | Depths:1 | Reached skill level 23 in Summonings
 60396 | Depths:1 | Found a gateway to Hell.
 60649 | Depths:1 | Identified the +4 short sword of Valiance {freeze, rElec
                  | rF+ rCorr}
 60681 | Depths:1 | Identified the staff "Eggunob" {rElec rC+ rN+ Will+ MP-9
                  | Air}
 60728 | Depths:1 | Identified the +2 cloak of the Trombone {rF++ Regen+ Int+2}
 61235 | Depths:2 | Found Takudem's Book Emporium.
 61391 | Depths:2 | Found Vouczuy's Jewellery Boutique.
 61514 | Depths:2 | Found Anadgh's Magic Scroll Shoppe.
 61846 | Depths:2 | Reached XP level 22. HP: 142/183 MP: 19/42
 62274 | Depths:2 | Found a one-way gate leading to the halls of Pandemonium.
 62369 | Depths:2 | Noticed Norris
 62378 | Depths:2 | Killed Norris
 62461 | Depths:2 | Reached skill level 24 in Summonings
 62560 | Depths:2 | Found a one-way gateway to a ziggurat.
 63591 | Depths:3 | Found a one-way gate to the infinite horrors of the Abyss.
 63594 | Depths:3 | Found a corrupted altar of Lugonu.
 63773 | Depths:3 | Identified the orb of Son Nost {light, rElec rC+ Dex+4 Ice}
 63773 | Depths:3 | Noticed Frederick
 63787 | Depths:3 | Killed Frederick
 64624 | Depths:3 | Identified the amulet of the Crown {Reflect *Corrode rElec
                  | rPois Will+ SH+5}
 64759 | Depths:3 | Identified the ring of Pefeoss {Int-2 Dex+6 Slay+6}
 65524 | Depths:3 | Identified the +0 scale mail of Taxzaokh {rCorr SInv
                  | Stlth+}
 65524 | Depths:3 | Identified the staff of Due Proportion {rF+ Str-5 Dex+2
                  | Conj Fire}
 65524 | Depths:3 | Identified the ring of Geaxzanuy {rC+ rN+ Str+4 SInv}
 65603 | Depths:4 | Entered Level 4 of the Depths
 65874 | Depths:4 | Reached XP level 23. HP: 194/194 MP: 24/44
 66072 | Depths:4 | Noticed a golden dragon
 66084 | Depths:4 | Killed a golden dragon
 66128 | Depths:4 | Reached skill level 1 in Evocations
 66569 | Vaults:3 | You paid a toll of +3 gold dragon scales to enter a
                  | treasure trove
 66570 | Trove    | Entered a treasure trove
 66577 | Trove    | Got the Papyrus of the Helpful Crater
 66599 | Trove    | Got the Commentary on Poisonous Conjuration
 66884 | Depths:4 | Found a gate to the Realm of Zot.
 66893 | Depths:4 | Reached skill level 1 in Armour
 66897 | Depths:4 | Reached skill level 25 in Summonings
 67840 | Vaults:5 | Entered Level 5 of the Vaults
 67850 | Vaults:5 | Reached skill level 5 in Stealth
 67974 | Vaults:5 | Noticed a golden dragon
 68214 | Vaults:5 | Identified the ring "Erphacyrint" {rC++ Str+6 Int+2}
 68235 | Vaults:5 | Noticed a golden dragon
 68241 | Vaults:5 | Killed a golden dragon
 68242 | Vaults:5 | Noticed a golden dragon
 68248 | Vaults:5 | Killed a golden dragon
 68253 | Vaults:5 | Killed a golden dragon
 68899 | Vaults:5 | Identified the +8 long sword "Zaept" {flame, Int+4}
 68938 | Vaults:5 | Identified the +3 shortbow of the Evening {flame, Will+
                  | Dex+5 Stlth-}
 69006 | Vaults:5 | Identified the +2 whip of Yhem {speed, rF+ Str+4 Int+3}
 69147 | Vaults:5 | Reached XP level 24. HP: 189/200 MP: 36/44
 69171 | Vaults:5 | Reached skill level 5 in Evocations
 69410 | Vaults:5 | Identified the +0 scale mail of Kunkoxont {^Drain Fly Int+3
                  | Dex+4}
 69420 | Vaults:5 | Got a silver rune of Zot
 69893 | Vaults:5 | Identified the staff "Ogre's Peril" {rElec rF+ Str-2 Int+3
                  | Fire}
 69997 | Vaults:5 | Learned a level 8 spell: Summon Horrible Things
 70287 | Zot:1    | Entered Level 1 of the Realm of Zot
 70596 | Zot:1    | You are sucked into a shaft and drop 1 floor!
 70603 | Zot:2    | Noticed a Killer Klown
 70629 | Zot:2    | Killed a Killer Klown
 71373 | Zot:1    | Identified the staff "Merfolk's Bane" {^Fragile rElec rCorr
                  | Fire Air}
 72003 | Zot:1    | Reached skill level 5 in Armour
 72317 | Zot:2    | Noticed Grunn
 72320 | Zot:2    | Killed Grunn
 73825 | Zot:3    | Reached XP level 25. HP: 184/204 MP: 2/45
 74122 | Zot:3    | Noticed a Killer Klown
 74158 | Abyss:4  | Cast into level 4 of the Abyss (black draconian knight)
 74255 | Abyss:4  | Found a corrupted altar of Lugonu.
 74452 | Abyss:5  | HP: 6/190 [+0 long sword of holy wrath (7)]
 74454 | Abyss:5  | HP: 1/212 [wretched star/lance of force (14)]
 74454 | Abyss:5  | Collided with a golden dragon

Illustrated notes

Levels and vault maps discovered:
D:1:      ldierk_walled_garden, layout_loops_ring, serial_shops, shop
D:2:      layout_basic, uniq_natasha
D:3:      layout_loops_ring
D:4:      layout_layer_cave, minivault_27, minmay_misc_feat_plants,
          minmay_misc_feat_roman
D:5:      layout_rooms, saegor_snake_ambush, uniq_menkaure
D:6:      layout_basic, serial_park_tiny_pond
D:7:      layout_basic, nemelex_diamond_rough_becter,
          minmay_temple_entry_poolview, serial_shops, nicolae_shop_dealshenge,
          corner_web_ring, minmay_manual_mandibuliform, uniq_duvessa,
          uniq_crazy_yiuf_cottage
D:8:      layout_rooms
D:9:      layout_long_grid, lightli_wizard_tower
D:10:     layout_rooms, erik_lair_island, david_orc_2, gammafunk_ghost_smash
D:11:     layout_cave_pools
D:12:     layout_rooms, serial_shops, nicolae_shop_stone, minmay_pinched_square
D:13:     layout_long_grid, minmay_shop_enchanted_jewellery,
          minmay_misc_feat_room
D:14:     layout_rooms, david_vaults_1, elves_outpost_lemuel
D:15:     hangedman_depths_entry_try_elsewhere_first, layout_irregular_city,
          regret_index_xom_buried_treasure, uniq_rupert, uniq_azrael
Temple:   mainiacjoe_temple_starburst
Lair:1:   layout_long_grid, grunt_megastairs_4, infiniplex_staircase_pool_2
Lair:2:   gammafunk_boulding_lane, layout_cave_pods
Lair:3:   layout_regular_city, elwin_shoals_entry_rooms,
          minmay_snake_entry_guardpost_medium, uniq_josephine
Lair:4:   layout_roguey, ebering_ghost_funeral_grove, forest_entry_grove,
          infiniplex_staircase_pool
Lair:5:   evilmike_catoblepas_cave, layout_layer_cave, slime_entry_1,
          grunt_megastairs_1, uniq_urug
Shoals:1: layout_shoals, ebering_ghost_gozag, uniq_donald
Shoals:2: layout_shoals, nicolae_tricolors, uniq_ilsuiw
Shoals:3: layout_shoals
Shoals:4: shoals_end_grunt_ice, layout_shoals, serial_shops, shop,
          nicolae_shoals_kraken_party, uniq_nikola
Snake:1:  layout_grid_shapes, grunt_ministairs_5, nicolae_triple_integral
Snake:2:  layout_grid_maze, gammafunk_ghost_cemetery,
          nicolae_snake_ghostly_warrior_ritual
Snake:3:  layout_rooms, basic_altar, minmay_shop_grove, uniq_asterion, uniq_mara
Snake:4:  grunt_snake_rune_pools, layout_basic, serial_bayou_shore_a
Slime:1:  layout_caves
Orc:1:    layout_diamond_mine, uniq_maurice
Orc:2:    grunt_orc_tribal_feast, layout_caves, serial_shops, shop, mines1_david
Vaults:1: hangedman_vaults_pinch, nicolae_vaults_weapon_check,
          nicolae_vaults_offset_grid_hallway_2, hangedman_vaults_locks,
          v_misc_18, nicolae_vaults_rhombus_6, v_pattern_1,
          nicolae_vaults_tetromino_L_1, v_misc_10, vaults_room_stairs_pillars,
          serial_library_hellmonk_reading_circle,
          nicolae_vaults_little_squares_1, layout_vaults_ring
Vaults:2: portal_desolation_entry_garden, nicolae_vaults_trapezoid_layered,
          vaults_room_corners, nicolae_vaults_more_shelving_1,
          nicolae_vaults_trapezoid_1, nicolae_vaults_closet_pinwheel_6,
          grunt_vaults_trifunnel, nicolae_vaults_double_plus_3, v_rooms_3,
          nicolae_vaults_diagonal_hallway_7, ontoclasm_vaults_spin,
          nicolae_vaults_angled_halls, grunt_vaults_focal,
          layout_vaults_omnigrid
Vaults:3: minmay_crypt_entry_simple_walls, nicolae_vaults_prndl,
          ontoclasm_vaults_claustrophobia, nicolae_vaults_murderbox,
          nicolae_vaults_apartment_1, nicolae_vaults_heart-shaped_vault,
          nicolae_vaults_tetromino_Z_1, vaults_room_stairs_pillars,
          vaults_mumra_hex, nicolae_vaults_sesquioval_fish, vaults_room_fours,
          hangedman_vaults_nodes, layout_vaults_omnicross, serial_shops,
          nicolae_shop_scrapyard, enter_trove_1, uniq_xtahua
Vaults:4: ontoclasm_vaults_ligature, vaults_mumra_chevron,
          nicolae_vaults_tetromino_T_1, nicolae_vaults_tetromino_L_1,
          v_alt_pattern_3, nicolae_vaults_variable_pillar_hall,
          nicolae_vaults_prndl, nicolae_vaults_variable_pillar_hall,
          vaults_standard_mumra_lines, layout_vaults_big_room, serial_shops,
          shop, shop
Vaults:5: serial_shops
Depths:1: layout_roguey, hell_entry, hangedman_abyss_or_decor_stagger,
          minmay_swirly_circle, firewood_loft, kennysheep_random_hallway
Depths:2: minmay_outward_triangles, layout_basic, enter_ziggurat_d,
          grunt_pan_entry_zigzag, serial_shops, shop,
          nicolae_book_shop_shelving, nicolae_shop_tiny_glass,
          nicolae_hexahallways, mu_enter_wizlab_5, hell_entry,
          grunt_ministairs_6, uniq_norris
Depths:3: minmay_the_grid_3x2 [minmay_the_grid_fan, minmay_the_grid_embedded,
          minmay_the_grid_paths, minmay_the_grid_outer_circle,
          minmay_the_grid_tiny_cups, minmay_the_grid_prize_shrinking_boxes],
          layout_gridlike, rand_demon_pan_entry_3, kennysheep_minor_cross,
          hell_entry, abyss_entry_flame_altar, infiniplex_staircase_pillars_3b,
          uniq_frederick
Depths:4: grunt_zot_entry_bicorn, layout_basic, minmay_misc_feat_cross,
          hell_entry
Zot:1:    infiniplex_zot_generator, layout_misc_corridors
Zot:2:    layout_concentric_octagons, uniq_grunn
Zot:3:    layout_twisted_circle, regret_index_zotdec_split_disrupt,
          grunt_ministairs_6, uniq_josephina
Abyss:5:  base: D:12, evilmike_abyss_exit_7, evilmike_abyss_exit_15,
          evilmike_abyss_rune_tso_outpost, guppyfry_abyss_exit_glass_guarded,
          minivault_22, evilmike_abyss_exit_12

Skill      XL: |  1  2  3  4  5  6  7  8  9 10 11 12 13 14 15 16 17 18 19 20 21 22 23 24 25 |
---------------+----------------------------------------------------------------------------+-----
Ice Magic      | 5 6 7 |  7.6
Dodging        | 3 4 5 8 11 13 14 15 17 18 19 20 21 22 | 22.0
Fighting       | 1 2 3 4 9 12 14 15 16 17 18 19 20 | 20.7
Stealth        | 3 4 7 |  7.0
Spellcasting   | 3 4 5 6 7 8 9 10 11 12 14 15 16 17 18 | 18.2
Summonings     | 1 5 7 9 10 11 12 13 14 15 16 18 20 22 23 24 25 | 25.9
Translocations | 4 6 |  6.2
Invocations    | 4 7 9 11 12 13 | 13.1
Evocations     | 4 7 8 |  8.0
Armour         | 3 5 6 |  6.2

Action                     |  1- 3 |  4- 6 |  7- 9 | 10-12 | 13-15 | 16-18 | 19-21 | 22-24 | 25-27 || total
---------------------------+-------+-------+-------+-------+-------+-------+-------+-------+-------++-------
  Melee: Unarmed           |    16 |    34 |       |       |       |       |       |       |       ||    50
         Dagger            |       |       |    45 |    34 |    17 |    19 |     2 |       |       ||   117
         Short sword       |       |       |       |       |       |       |       |    11 |     1 ||    12
   Cast: Freeze            |    35 |    25 |    19 |     9 |    14 |    15 |     3 |     4 |       ||   124
         Frozen Ramparts   |     2 |    34 |    31 |    22 |    27 |    22 |    23 |    11 |     2 ||   174
         Ozocubu's Armour  |       |     9 |    20 |    21 |    32 |    12 |     9 |     3 |       ||   106
         Summon Ice Beast  |       |       |    23 |    65 |    88 |    61 |     3 |       |       ||   240
         Call Canine Famil |       |       |    16 |    64 |   103 |    67 |     3 |       |     2 ||   255
         Summon Small Mamm |       |       |       |     8 |     1 |       |       |       |       ||     9
         Summon Forest     |       |       |       |     7 |    46 |   131 |   105 |    36 |       ||   325
         Summon Cactus Gia |       |       |       |     8 |    68 |   142 |   133 |    59 |     1 ||   411
         Monstrous Menager |       |       |       |       |     5 |   150 |   242 |   100 |       ||   497
         Dragon's Call     |       |       |       |       |       |       |     3 |    55 |     6 ||    64
         Blink             |       |       |       |       |       |       |     3 |     3 |     4 ||    10
         Summon Lightning  |       |       |       |       |       |       |     1 |     1 |       ||     2
         Stone Arrow       |       |       |       |       |       |       |     1 |       |       ||     1
         Summon Horrible T |       |       |       |       |       |       |       |     6 |     7 ||    13
 Invoke: Wall of Briars    |       |       |       |       |     3 |       |       |     1 |       ||     4
         Grow Oklob        |       |       |       |       |     1 |     1 |       |     2 |       ||     4
Ability: Evoke Blink       |       |       |       |       |       |       |       |     1 |       ||     1
    Use: Scroll            |     4 |     8 |     6 |     6 |     5 |     8 |     5 |     6 |     2 ||    50
         Potion            |       |       |     1 |       |     7 |     2 |     6 |     8 |    17 ||    41
   Stab: Sleeping          |       |     1 |     1 |       |       |       |       |       |       ||     2
         Distracted        |       |       |       |     1 |       |       |       |       |       ||     1
 Armour: Robe              |    13 |    57 |    80 |   100 |   243 |   423 |   297 |   308 |    51 ||  1572
  Dodge: Dodged            |    24 |    50 |    64 |    93 |   236 |   400 |   236 |   239 |    49 ||  1391
